 Dungeon Crawl Stone Soup version 0.32-a0-160-g465344b4ef (webtiles) character file.

Game seed: 7932491088271671771

2 iamserjio the Caller (level 1, -1/14 HPs)
             Began as a Demigod Summoner on Feb 11, 2024.
             Slain by a quokka (5 damage)
             ... on level 1 of the Dungeon.
             The game lasted 00:00:22 (60 turns).

iamserjio the Caller (Demigod Summoner)               Turns: 60, Time: 00:00:22

Health: -1/14      AC:  2    Str:  9    XL:     1   Next: 20%
Magic:  2/5        EV: 12    Int: 17    God:
Gold:   23         SH:  0    Dex: 14    Spells: 2/3 levels left

rFire   . . .        (no weapon)
rCold   . . .        (no shield)
rNeg    . . .        a - +0 robe
rPois   .            (no helmet)
rElec   .            (no cloak)
rCorr   .            (no gloves)
SInv    .            (no boots)
Will    .....        (no amulet)
Stlth   ++           (no ring)
HPRegen 0.22/turn    (no ring)
MPRegen 0.09/turn

%: no passive effects
@: no status effects
A: high MP 1, forlorn, divine attributes
a: no special abilities


You were on level 1 of the Dungeon.
You visited 1 branch of the dungeon, and saw 1 of its levels.

You collected 23 gold pieces.

Inventory:

Armour
 a - a +0 robe (worn)
Potions
 b - a potion of magic


   Skills:
 - Level 1.7 Dodging
 - Level 1.7 Stealth
 + Level 1.8 Spellcasting
 * Level 3.6 Summonings
 + Level 0.1 Air Magic


You had 2 spell levels left.
You knew the following spells:

 Your Spells              Type           Power      Damage    Failure   Level
a - Summon Small Mammal   Summ           56%        N/A       4%          1

Your spell library contained the following spells:

 Spells                   Type           Power      Damage    Failure   Level
 Call Imp                 Summ           28%        N/A       7%          2
 Call Canine Familiar     Summ           14%        N/A       13%         3
 Summon Lightning Spire   Summ/Air       7%         N/A       65%         4
 Summon Blazeheart Golem  Fire/Summ      7%         N/A       67%         4


Dungeon Overview and Level Annotations

Branches:
Dungeon (1/15) Zot: 5939


Innate Abilities, Weirdness & Mutations

You have an increased reservoir of magic. (+10% MP)
You shall have no god before yourself.
Your divine heritage dramatically boosts your attributes as you level up.


Message History

Your bat hits the endoplasm but does no damage.
You hit the endoplasm but do no damage.
Your bat barely misses the endoplasm.
Your bat hits the endoplasm but does no damage.
Your bat hits the endoplasm. The endoplasm freezes you.
You are frozen.
* * * LOW HITPOINT WARNING * * *
You hit the endoplasm.
Your bat barely misses the endoplasm.
Your bat hits the endoplasm.
The endoplasm hits you but does no damage.
You hit the endoplasm.
Your bat hits the endoplasm but does no damage. x2
The quokka closely misses your bat. The endoplasm freezes you.
You are frozen.
* * * LOW HITPOINT WARNING * * *
You barely miss the endoplasm.
Your bat hits the endoplasm but does no damage.
Your bat hits the endoplasm. The endoplasm freezes you.
You are frozen.
* * * LOW HITPOINT WARNING * * *
Casting: Summon Small Mammal (safe; 4% risk of failure)
Your bat disappears in a puff of smoke!
Your bat hits the endoplasm but does no damage.
The quokka bites your bat.
Your bat hits the quokka but does no damage.
You hit the endoplasm.
Your bat barely misses the quokka.
The quokka misses your bat. The endoplasm freezes you.
You are frozen.
* * * LOW HITPOINT WARNING * * *
The endoplasm hits your bat.
Your bat dies!
Your bat's corpse disappears in a puff of smoke!
Your rat bites the endoplasm.
The endoplasm dies!
Casting: Summon Small Mammal (safe; 4% risk of failure)
The quokka bites you.
You die...

.......##....##.#.#.#. #
#................[.
###.####.........###'###.
......#..⌠....+## #...#
#.##........## #####.#
#.........### #.....#
#######.#....# #.######
#......rr...## #......#
#.[.....#@.+# #.######.#
#....†..#..# #........#
#.......r.## #####.####
#......##.# ##'##
#......##.# +...+
#.........+ #.<.#
........#..# +...+
..#...#.#..# ##+##


You could see a quokka (ally target) and 2 friendly rats.

Vanquished Creatures
  A rat (D:1)
1 creature vanquished.

Vanquished Creatures (collateral kills)
  An endoplasm (D:1)
1 creature vanquished.

Grand Total: 2 creatures vanquished

Notes
Turn   | Place    | Note
-------+----------+-------------------------------------------
     0 | D:1      | iamserjio the Demigod Summoner began the quest for the Orb.
     0 | D:1      | Reached XP level 1. HP: 14/14 MP: 5/5
    60 | D:1      | Slain by a quokka

Illustrated notes

Levels and vault maps discovered:
D:1:      nicolae_arrival_somewhat_less_tricky_arrival, layout_loops_cross,
          nicolae_ecumenical_lake_church, roderic_lattice_a

Action                     || total
---------------------------++-------
  Melee: Unarmed           ||     8
   Cast: Summon Small Mamm ||     4
   Stab: Distracted        ||     1
 Armour: Robe              ||     3
  Dodge: Dodged            ||     1

Table legend: (Time is in decaauts)
 A = Elapsed time spent in this place.
 B = Non-inter-level travel time spent in this place.
 C = Inter-level travel time spent in this place.
 D = Time resting spent in this place.
 E = Time spent auto-exploring this place.
 F = Levels seen in this place.
 G = Mean time per level.
                   A        B        C        D        E       F      G
               +--------+--------+--------+--------+--------+-----+--------+
         Total |     60 |     60 |      0 |      0 |     38 |   1 |   60.0 |
       Dungeon |     60 |     60 |      0 |      0 |     38 |   1 |   60.0 |
               +--------+--------+--------+--------+--------+-----+--------+

Top non-repeatable levels by time:
     D:1: 60 daAuts
